 Dungeon Crawl Stone Soup version 0.19.1-1-g22dce08 (webtiles) character file.

19347 Faustar the Fencer (level 13, -8/99 HPs)
             Began as a Formicid Abyssal Knight on Dec 27, 2016.
             Was an Elder of Lugonu.
             Mangled by a crocodile (18 damage)
             ... on level 4 of the Lair of Beasts on Dec 29, 2016.
             The game lasted 00:51:43 (16055 turns).

Faustar the Fencer (Formicid Abyssal Knight)       Turns: 16055, Time: 00:51:43

Health: -8/99      AC:  9    Str: 27    XL:     13   Next: 3%
Magic:  19/19      EV:  6    Int: 11    God:    Lugonu [****..]
Gold:   655        SH:  0    Dex: 10    Spells: 1 memorised, 10 levels left

rFire  + . .     SeeInvis +     W - +0 great sword
rCold  . . .     Gourm    .     E - +3 leather armour {rN+}
rNeg   + . .     Faith    .     F - +0 shield
rPois  .         Spirit   .     (helmet unavailable)
rElec  .         Reflect  .     (no cloak)
rCorr  .         Harm     .     y - +2 pair of gloves
MR     +....                    (no boots)
Stlth  ..........               p - amulet of regeneration
                                J - ring of protection from fire
                                v - +4 ring of strength

@: confused, lethally poisoned (-8 -> -8), very slightly contaminated, held,
invisible
A: permanent stasis, dig shafts and tunnels, four strong arms, antennae 3
a: Dig, Shaft Self, Depart the Abyss, Bend Space, Banish, Corrupt, Renounce
Religion


You were on level 4 of the Lair of Beasts.
You worshipped Lugonu.
Lugonu was greatly pleased with you.
You were near starving.

You visited 2 branches of the dungeon, and saw 14 of its levels.
You visited the Abyss 1 time.

You collected 760 gold pieces.
You spent 105 gold pieces at shops.

Inventory:

Hand Weapons
 B - a +1 falchion of venom
 W - a +0 great sword (weapon)
Armour
 f - the +2 ring mail of the Blacksmith {*Slow Dex+6}
   (You found it on level 8 of the Dungeon)

   It affects your dexterity (+6).
   It may slow you when you take damage.
 y - a +2 pair of gloves (worn)
 z - a +0 ring mail
 E - a +3 leather armour of positive energy (worn)
 F - a +0 shield (worn)
 U - a +0 plate armour
Jewellery
 p - an amulet of regeneration (around neck)
 v - a +4 ring of strength (left hand)
 J - a ring of protection from fire (right hand)
Wands
 w - a wand of flame (14/48)
 G - a wand of paralysis (4/24)
 L - a wand of iceblast (3/15)
 M - a wand of flame (25/48)
 R - a wand of flame (25/48)
Scrolls
 b - 5 scrolls of enchant weapon
 d - a scroll of random uselessness {unknown}
 j - 3 scrolls of enchant armour {unknown}
 k - 2 scrolls of recharging
 l - 6 scrolls of remove curse {unknown}
 n - 3 scrolls of identify
 o - 2 scrolls of immolation
 t - 5 scrolls of teleportation {unknown}
 x - a scroll of noise {unknown}
 A - 5 scrolls of magic mapping
 D - 3 scrolls of amnesia
 I - a scroll of fear {unknown}
 N - a scroll of torment {unknown}
 P - a scroll of acquirement {unknown}
 V - a scroll of summoning {unknown}
Potions
 e - 3 potions of agility
 g - a potion of magic
 m - 2 potions of ambrosia
 q - 5 potions of brilliance
 C - 2 potions of haste
 O - a potion of flight
 Q - 2 potions of berserk rage
Books
 T - a book of Battle

   Spells                             Type                      Level
   a - Infusion                       Charms                       1
   b - Shroud of Golubria             Charms/Translocation         2
   c - Song of Slaying                Charms                       2
   d - Spectral Weapon                Hexes/Charms                 3
   e - Regeneration                   Charms/Necromancy            3
Comestibles
 a - a royal jelly
 c - 13 bread rations
 h - 2 slices of pizza
 i - 10 meat rations
 s - 26 fruits
 u - 3 beef jerkies


   Skills:
 - Level 8.5 Fighting
 + Level 15.1 Long Blades
 - Level 2.1 Armour
 - Level 0.8 Dodging
 - Level 10.1 Shields
 - Level 9.2 Invocations


You had 10 spell levels left.
You knew the following spells:

 Your Spells              Type           Power        Failure   Level  Hunger
a - Shroud of Golubria    Chrm/Tloc      #.........   63%         2    ###....


Dungeon Overview and Level Annotations

Branches:
Dungeon (10/15)            Temple (0/1) D:4            Lair (4/6) D:9
  Swamp (0/4) Lair:4
  Snake: Lair:2-4    Spider: Lair:2-4       Orc: D:9-12

Altars:
Dithmenos
Fedhas
Kikubaaqudgha
Nemelex Xobeh
Okawaru
Sif Muna
Trog
Xom

Shops:
D:7 *   D:8 *

Annotations:
Lair:4 Harold


Innate Abilities, Weirdness & Mutations

You are under a permanent stasis effect.
You can dig through walls and to a lower floor.
Your four strong arms can wield two-handed weapons with a shield.
You have a pair of large antennae on your head. (SInv)


Message History

Evoke which item? (* to show all) (? for menu, Esc to quit)
Zapping:
w - a wand of flame {zapped: 9} (will waste charges)
Press: ? - help, Shift-Dir - straight line, f - crocodile
Aim: a crocodile (moderately wounded)
The puff of flame hits the crocodile.
The crocodile is heavily wounded.
Evoking this partially-identified wand wasted a few charges.
You feel sick. The crocodile bites you!
* * * LOW HITPOINT WARNING * * *
You fade into invisibility!
You feel sick. The crocodile bites you.
* * * LOW HITPOINT WARNING * * *
You are very lightly contaminated with residual magic.
You are confused.
You feel invigorated.
You feel sick. The crocodile bites you.
* * * LOW HITPOINT WARNING * * *
You feel sick. The crocodile bites you.
* * * LOW HITPOINT WARNING * * *
You feel sick. The crocodile bites you!!
You die...

#...... .......
###.......
#.........
##.........
##....@.....
#...........
#..(.......
##@t.......
##<.......
#.[.......
##........
#........
#...............
#...............
#...§...........
§§§§§.^...(.....


You could see Harold and a crocodile.

Vanquished Creatures
  A death yak (Lair:3)
  Pikel (D:7)
  7 spiny frogs
  2 komodo dragons (Lair:1)
  A troll (D:9)
  A hornet (D:8)
  8 blink frogs
  7 dream sheep
  4 hippogriffs
  A spriggan (Lair:3)
  Eustachio (D:6)
  12 yaks
  A wyvern (Lair:1)
  A basilisk (Lair:3)
  2 wargs
  Duvessa (D:7)
  11 water moccasins
  3 porcupines
  4 orc warriors
  8 ice beasts
  2 sky beasts
  A slave (D:7)
  2 necrophages
  A black bear (Lair:1)
  2 phantoms
  A wolf (Lair:2)
  3 centaurs
  4 ogres
  7 crocodiles
  3 big kobolds
  5 bullfrogs
  Dowan (D:7)
  A wyvern skeleton (D:9)
  4 scorpions
  6 killer bees
  13 wights
  A howler monkey (D:5)
  4 crimson imps
  A centaur zombie (D:8)
  A jelly (D:8)
  4 orc priests
  5 hounds
  Jessica (D:2)
  3 iguanas
  Ijyb (D:2)
  7 orc wizards
  5 worker ants
  A killer bee zombie (D:5)
  2 hound skeletons
  A worker ant zombie (D:5)
  Robin (D:2)
  A howler monkey skeleton (D:7)
  6 adders
  A shadow imp (D:8)
  An ooze (D:1)
  2 worms
  2 dart slugs
  4 leopard geckos
  18 orcs
  9 bats
  7 giant cockroaches
  5 hobgoblins
  13 kobolds
  A quokka (D:2)
  A ball python (D:5)
  8 frilled lizards
  11 goblins
  A jackal zombie (D:5)
  A leopard gecko skeleton (D:4)
  A leopard gecko zombie (D:5)
  2 rats
  4 plants (Lair:3)
270 creatures vanquished.

Vanquished Creatures (others)
  The ghost of RedPan the Fencer, a journeyman FoFi of Cheibriados (Lair:1)
  A hydra (Lair:3)
  A swamp dragon (Lair:4)
  A blink frog (Lair:1)
  An adder skeleton (D:7)
  An orc (D:7)
  2 goblins (D:2)
  A hobgoblin (D:2)
  2 fungi (Lair:3)
  4 plants
15 creatures vanquished.

Grand Total: 285 creatures vanquished

Notes
Turn   | Place    | Note
-------+----------+-------------------------------------------
     0 | Abyss:1  | Faustar the Formicid Abyssal Knight began the quest for the Orb.
     0 | Abyss:1  | Reached XP level 1. HP: 18/18 MP: 2/2
     7 | D:1      | Escaped the Abyss
   148 | D:1      | Reached XP level 2. HP: 12/24 MP: 3/3
   546 | D:1      | Reached skill level 3 in Long Blades
   576 | D:1      | Reached XP level 3. HP: 23/29 MP: 4/4
   991 | D:2      | Noticed Ijyb
  1009 | D:2      | Killed Ijyb
  1009 | D:2      | Reached skill level 4 in Long Blades
  1009 | D:2      | Reached XP level 4. HP: 11/35 MP: 5/5
  1303 | D:2      | Noticed Jessica
  1316 | D:2      | Killed Jessica
  1316 | D:2      | Reached ** piety under Lugonu
  1696 | D:2      | Noticed Robin
  1728 | D:2      | Killed Robin
  1728 | D:2      | Reached XP level 5. HP: 39/41 MP: 6/6
  1806 | D:2      | Reached skill level 5 in Long Blades
  2504 | D:3      | Found an ancient bone altar of Kikubaaqudgha.
  2675 | D:3      | Found a sparkling altar of Nemelex Xobeh.
  2944 | D:4      | Reached XP level 6. HP: 29/47 MP: 7/7
  3220 | D:4      | Reached skill level 6 in Long Blades
  4109 | D:4      | Found a staircase to the Ecumenical Temple.
  4184 | D:4      | Found a shimmering altar of Xom.
  4789 | D:4      | Reached XP level 7. HP: 34/52 MP: 8/8
  4917 | D:4      | Reached skill level 7 in Long Blades
  5192 | D:5      | Entered Level 5 of the Dungeon
  5508 | D:5      | Found a bloodstained altar of Trog.
  5548 | D:5      | Reached skill level 8 in Long Blades
  5787 | D:5      | Reached XP level 8. HP: 56/61 MP: 9/9
  5812 | D:5      | Reached skill level 5 in Fighting
  7142 | D:6      | Noticed Eustachio
  7171 | D:5      | Reached XP level 9. HP: 27/75 MP: 10/10
  7388 | D:6      | Killed Eustachio
  7712 | D:6      | Reached skill level 5 in Shields
  7846 | D:6      | Found a bloodstained altar of Trog.
  7905 | D:6      | Found a shadowy altar of Dithmenos.
  8103 | D:6      | Found a deep blue altar of Sif Muna.
  8204 | D:7      | Noticed Pikel
  8225 | D:7      | Killed Pikel
  8258 | D:7      | Found Duitiv's General Store.
  8264 | D:7      | Bought a scroll of enchant weapon for 105 gold pieces
  8306 | D:7      | Reached *** piety under Lugonu
  8494 | D:7      | Noticed Duvessa
  8496 | D:7      | Noticed Dowan
  8507 | D:7      | Killed Duvessa
  8539 | D:7      | Killed Dowan
  8539 | D:7      | Reached XP level 10. HP: 28/82 MP: 11/11
  9179 | D:8      | Got a faintly humming ring mail
  9190 | D:8      | Identified the +2 ring mail of the Blacksmith {*Slow Dex+6} (You found it on level 8 of the Dungeon)
  9331 | D:7      | Reached skill level 10 in Shields
  9600 | D:8      | Reached skill level 9 in Long Blades
  9803 | D:8      | Reached **** piety under Lugonu
  9916 | D:8      | Reached skill level 10 in Long Blades
 10089 | D:8      | Found Geakuny's Serpentskin Sales.
 10742 | D:9      | Reached XP level 11. HP: 72/87 MP: 12/14
 10759 | D:9      | Reached skill level 5 in Invocations
 11116 | D:9      | Found a blossoming altar of Fedhas.
 11193 | D:9      | Found a staircase to the Lair.
 11795 | D:9      | Found an iron altar of Okawaru.
 11951 | D:10     | Entered Level 10 of the Dungeon
 12008 | D:9      | Learned a level 2 spell: Shroud of Golubria
 12073 | Lair:1   | Entered Level 1 of the Lair of Beasts
 12112 | Lair:1   | Noticed RedPan's ghost (journeyman FoFi)
 12114 | Lair:1   | Banished RedPan's ghost
 12264 | Lair:1   | Reached skill level 11 in Long Blades
 12437 | Lair:1   | Reached ***** piety under Lugonu
 12484 | Lair:1   | Noticed a six-headed hydra
 12485 | Lair:1   | Banished a six-headed hydra
 12622 | Lair:1   | Reached skill level 12 in Long Blades
 12930 | Lair:1   | Reached XP level 12. HP: 76/94 MP: 18/18
 13741 | Lair:2   | Reached skill level 13 in Long Blades
 13870 | Lair:2   | Noticed a six-headed hydra
 13871 | Lair:2   | Banished a six-headed hydra
 14772 | Lair:3   | Reached skill level 14 in Long Blades
 15246 | Lair:2   | Upgraded the game from 0.19.1 to 0.19.1-1-g22dce08
 15466 | Lair:3   | Noticed a six-headed hydra
 15724 | Lair:3   | Banished a six-headed hydra
 15963 | Lair:4   | Noticed a death yak
 15963 | Lair:4   | Noticed a death yak
 15963 | Lair:4   | Noticed a death yak
 15963 | Lair:4   | Noticed a death yak
 15963 | Lair:4   | Noticed a death yak
 15970 | Lair:3   | Killed a death yak
 15970 | Lair:3   | Reached skill level 15 in Long Blades
 15992 | Lair:4   | Found a staircase to the Swamp.
 15992 | Lair:4   | Noticed a swamp dragon
 16029 | Lair:4   | Noticed a five-headed hydra
 16030 | Lair:4   | Banished a five-headed hydra
 16030 | Lair:4   | Reached XP level 13. HP: 99/99 MP: 19/19
 16046 | Lair:4   | Noticed Harold
 16047 | Lair:4   | HP: 3/99 [crocodile (10)]
 16055 | Lair:4   | Mangled by a crocodile

Skill      XL: |  1  2  3  4  5  6  7  8  9 10 11 12 |
---------------+-------------------------------------+-----
Long Blades    | 3 4 5 6 8 10 12 15 | 15.1
Fighting       | 4 8 |  8.5
Shields        | 8 10 | 10.1
Invocations    | 4 9 |  9.2
Armour         | |  2.1
Dodging        | |  0.8

Action                   |  1- 3 |  4- 6 |  7- 9 | 10-12 | 13-15 || total
-------------------------+-------+-------+-------+-------+-------++-------
Melee: Falchion          |    83 |   187 |   326 |   440 |       ||  1036
       Great sword       |       |       |       |   328 |     9 ||   337
Invok: Banish            |       |       |       |     5 |     2 ||     7
Evoke: Wand              |       |       |     4 |       |     1 ||     5
  Use: Potion            |       |     4 |     1 |     2 |     4 ||    11
       Scroll            |       |       |       |    13 |       ||    13
 Stab: Invisible         |       |     2 |     1 |       |       ||     3
  Eat: Chunk             |       |    11 |    13 |    24 |       ||    48
       Fruit             |       |       |     1 |     2 |       ||     3
Armor: Leather armour    |    33 |    39 |    29 |   121 |     4 ||   226
       Skin              |       |    17 |       |       |       ||    17
       Ring mail         |       |     5 |    67 |       |       ||    72
Dodge: Dodged            |    82 |    86 |    96 |   231 |     6 ||   501
Block: Shield            |       |       |    49 |   345 |     8 ||   402
       Rpst.: Falchion   |    17 |    33 |    40 |    40 |       ||   130
       Great sword       |       |       |       |    36 |     1 ||    37
